 Dungeon Crawl Stone Soup version 0.31-a0-876-gfe8ebadbca (webtiles) character file.

Game seed: 10584038732864752309

33 kae the Vexing (level 3, -1/25 HPs)
             Began as a Demonspawn Enchanter on Oct 13, 2023.
             Slain by a gnoll
             ... wielding a +0 club
              (8 damage)
             ... on level 1 of the Dungeon.
             The game lasted 00:00:48 (1088 turns).

kae the Vexing (Demonspawn Enchanter)               Turns: 1088, Time: 00:00:49

Health: -1/25      AC:  2    Str:  8    XL:     3   Next: 12%
Magic:  6/6        EV: 12    Int: 18    God:
Gold:   94         SH:  0    Dex: 13    Spells: 4/6 levels left

rFire   . . .        a - +1 dagger
rCold   . . .        (no shield)
rNeg    . . .        b - +0 robe
rPois   .            (no helmet)
rElec   .            (no cloak)
rCorr   .            (no gloves)
SInv    .            (no boots)
Will    .....        (no amulet)
Stlth   ++           (no ring)
HPRegen 0.24/turn    (no ring)
MPRegen 0.10/turn

%: no passive effects
@: very slightly contaminated
A: hooves 2
a: no special abilities


You were on level 1 of the Dungeon.
You visited 1 branch of the dungeon, and saw 2 of its levels.

You collected 94 gold pieces.


Innate Abilities, Weirdness & Mutations

You have hoof-like feet.


   Skills:
 + Level 0.8 Fighting
 * Level 1.5 Short Blades
 - Level 1.7 Dodging
 + Level 3.0 Stealth
 + Level 2.1 Spellcasting
 * Level 3.4 Hexes


You had 4 spell levels left.
You knew the following spells:

 Your Spells              Type           Power      Damage    Failure   Level
a - Ensorcelled Hibernat  Hex/Ice        16%        N/A       14%         2

Your spell library contained the following spells:

 Spells                   Type           Power      Damage    Failure   Level
 Confusing Touch          Hex            14%        N/A       13%         3
 Tukima's Dance           Hex            14%        N/A       13%         3
 Dazzling Flash           Conj/Hex       16%        N/A       26%         3

Inventory:

Hand Weapons
 a - a +1 dagger (weapon)
Missiles
 d - 7 poisoned darts
 i - 21 stones
Armour
 b - a +0 robe (worn)
Scrolls
 h - a scroll of poison {!r}
Potions
 c - 2 potions of invisibility
 e - a potion of heal wounds {@q2}
 f - 2 potions of might {unknown}
 g - a potion of degeneration {!q}
 m - a potion of curing {unknown}

Dungeon Overview and Level Annotations

Branches:
Dungeon (2/15) Zot: 10914

Altars:

#.........##########.....).......
#.............# #######.######
#........[....# ##.....#
#.......†.....# ###..###.#
..............#########...## #.#
...#####..#.#.#.#.#.#.#.#.## #.##
...# ##...................# #...
...# #...#.#.#.#g#.#.#.#.## ###.
...# #.........@..........# ###
...# #...#.#.#.#.#.#.#.#.## #.#
...# #....................# #..
##'####...#.#.#.#.#.#.#.#.#####)#
......##............'...........#
......##.############...#########
......##.#### ##### #....
......##....# #.... ##.....####.#
#####....


You could see a gnoll.


Message History

It was a scroll of immolation.
Unknown command.
Blink to where?
Press: ? - help, Dir - move target, f - you
Okay, then.
As you read the scroll labelled ZYINTASCHONGI, it crumbles to dust.
It was a scroll of blinking.
As you read the scroll of identify {@r1}, it crumbles to dust.
e - a potion of heal wounds You start waiting.
You feel your willpower return.
Unknown command.
You see here a +0 dagger.
There is a stone staircase leading down here.
You climb downwards.
There is a stone staircase leading up here.
A bat is nearby!
A bat is nearby!
A bat is nearby!
The bat barely misses you.
A bat is nearby!
The bat hits you. The bat hits you but does no damage.
You closely miss the bat. Your kick misses the bat. The bat hits you. 😕 HP[-2]
You take 2 damage, and now have 18/20 hp.
A bat is nearby!
You hit the bat.
You kill the bat!
No target in view!
f - 2 smoky grey potions 😎 HP[+2]
Your hp is fully restored (20).
No target in view!
No target in view!
You now have 94 gold pieces (gained 14).
i - 21 stones (gained 4) 2 gnolls come into view.
The gnoll shouts!
You hear a shout!
A gnoll comes into view. It is wielding a +0 club.
The gnoll hits you with a +0 whip. 😮 HP[-6]
You take 6 damage, and now have 14/20 hp.
MASSIVE DAMAGE!! (PAUSE)
Casting: Ensorcelled Hibernation (safe; 16% risk of failure)
Confirm with . or Enter, or press ? or * to list all spells.
Aiming: Ensorcelled Hibernation (safe; 16% risk of failure)
Press: ? - help, Shift-Dir - straight line, f - gnoll
Aim: a gnoll, wielding a +0 whip (chance to affect: 50%)
The gnoll looks drowsy...
The gnoll closely misses you. 😮 MP[-2]
You lost 2 mp, and now have 3/5 mp.
The helpless gnoll fails to defend itself.
You impale the gnoll!!
You kill the gnoll!
The gnoll hits you from afar with a +0 spear.
Your Stealth skill increases to level 3!
You have reached level 3!
Your experience leads to an increase in your attributes!
Increase (S)trength, (I)ntelligence, or (D)exterity?
You feel clever. x2; Your demonic ancestry asserts itself...
Your feet thicken and deform. 😮 HP[+1]
You now have 25 max hp (+5). 😮 HP[+1] 😮 HP[+1] 😮 MP[+1] 😮 HP[+1]
There is a stone staircase leading up here.
The gnoll hits you from afar with a +0 spear!
* * * LOW HITPOINT WARNING * * *
The gnoll closely misses you.
You climb upwards.
There is a stone staircase leading down here. 😨 HP[-8]
You take 8 damage, and now have 10/25 hp.
MASSIVE DAMAGE!! (PAUSE)
Casting: Ensorcelled Hibernation (safe; 14% risk of failure)
Confirm with . or Enter, or press ? or * to list all spells.
Aiming: Ensorcelled Hibernation (safe; 14% risk of failure)
Press: ? - help, Shift-Dir - straight line, f - gnoll
Aim: a gnoll, wielding a +0 club (chance to affect: 50%)
You miscast Ensorcelled Hibernation.
You are very lightly contaminated with residual magic.
Nothing appears to happen.
The gnoll closely misses you. 😨 HP[+1] MP[-2]
You lost 2 mp, and now have 2/6 mp.
Casting: Ensorcelled Hibernation (safe; 14% risk of failure)
Confirm with . or Enter, or press ? or * to list all spells.
Aiming: Ensorcelled Hibernation (safe; 14% risk of failure)
Press: ? - help, Shift-Dir - straight line, f/p - gnoll
Aim: a gnoll, wielding a +0 club (chance to affect: 50%)
The gnoll resists with some effort.
The gnoll hits you with a +0 club.
* * * LOW HITPOINT WARNING * * *
😨 HP[-4] MP[-2]
You take 4 damage, and now have 7/25 hp.
You lost 2 mp, and now have 0/6 mp.
Unknown command.
It was a potion of magic.
Magic courses through your body. The gnoll hits you with a +0 club!
You die...

Skill      XL: |  1  2 |
---------------+-------+-----
Short Blades   | 1 |  1.5
Stealth        | 3 |  3.0
Fighting       | |  0.8
Dodging        | |  1.7
Spellcasting   | |  2.1
Hexes          | |  3.4

Action                     || total
---------------------------++-------
  Melee: Dagger            ||    62
         Kick              ||     4
   Cast: Ensorcelled Hiber ||     2
    Use: Scroll            ||     7
         Potion            ||     1
   Stab: Sleeping          ||     5
 Armour: Robe              ||    31
  Dodge: Dodged            ||    34

Levels and vault maps discovered:
D:1:      dpeg_arrival_houses_and_road, layout_basic, st_stairs_12
D:2:      minmay_general_purpose_star, layout_rooms, serial_shops, shop,
          corexii_item_surrounded_by_moat, hangedman_decor_opposing,
          kennysheep_path_1, minmay_lizard_king, uniq_crazy_yiuf_cottage,
          uniq_robin

Notes
Turn   | Place    | Note
-------+----------+-------------------------------------------
     0 | D:1      | kae the Demonspawn Enchanter began the quest for the Orb.
     0 | D:1      | Reached XP level 1. HP: 13/13 MP: 3/3
     0 | D:1      | magus.rc [v1.11.3]
    26 | D:1      | Reached skill level 1 in Short Blades
    78 | D:1      | HP: 3/13 [dart slug/slug dart (3)]
    81 | D:1      | HP: 1/13 [frozen (2)]
    87 | D:1      | Gained mutation: You have large cloven feet. [demonic
                  | ancestry]
    87 | D:1      | Reached XP level 2. HP: 4/20 MP: 5/5
   150 | D:1      | Learned a level 2 spell: Ensorcelled Hibernation
  1073 | D:2      | Reached skill level 3 in Stealth
  1073 | D:2      | Gained mutation: You have hoof-like feet. [demonic
                  | ancestry]
  1073 | D:2      | Reached XP level 3. HP: 15/25 MP: 3/6
  1088 | D:1      | Slain by a gnoll

Vanquished Creatures
  A gnoll (D:2)
  A dart slug (D:1)
  A ball python (D:1)
  3 endoplasms (D:1)
  2 giant cockroaches (D:1)
  3 goblins (D:1)
  2 hobgoblins (D:1)
  3 bats
  A kobold (D:1)
  3 rats (D:1)
20 creatures vanquished.

Table legend:
 A = Non-vault XP
 B = Vault XP
 C = Vault XP percentage of total XP
 D = Non-vault monster count
 E = Vault monster count
 F = Vault count percentage of total count
                 A         B        C        D         E       F
            +---------+---------+-------+---------+---------+-------
      Total |      46 |       2 |   4.2 |      19 |       1 |   5.0
            +---------+---------+-------+---------+---------+-------
        D:1 |      29 |       2 |   6.5 |      17 |       1 |   5.6
        D:2 |      17 |       0 |   0.0 |       2 |       0 |   0.0
            +---------+---------+-------+---------+---------+-------

Skill      XL: |  1  2 |
---------------+-------+-----
Short Blades   | 1 |  1.5
Stealth        | 3 |  3.0
Fighting       | |  0.8
Dodging        | |  1.7
Spellcasting   | |  2.1
Hexes          | |  3.4

Action                     || total
---------------------------++-------
  Melee: Dagger            ||    62
         Kick              ||     4
   Cast: Ensorcelled Hiber ||     2
    Use: Scroll            ||     7
         Potion            ||     1
   Stab: Sleeping          ||     5
 Armour: Robe              ||    31
  Dodge: Dodged            ||    34

Illustrated notes

Table legend:
 A = Kills in this place as a percentage of kills in the entire game.
 B = Kills by you in this place as a percentage of kills by you in the entire game.
 C = Kills by friends in this place as a percentage of kills by friends in the entire game.
 D = Other kills in this place as a percentage of other kills in the entire game.
 E = Experience gained in this place as a percentage of experience gained in the entire game.
 F = Experience gained in this place divided by the number of levels of this place that you have seen.
                   A       B       C       D       E      F
               +-------+-------+-------+-------+-------+----------------------
         Total | 100.0 | 100.0 |   N/A |   N/A | 100.0 |  24.0
       Dungeon | 100.0 | 100.0 |   N/A |   N/A | 100.0 |  24.0
               +-------+-------+-------+-------+-------+----------------------

Table legend: (Time is in decaauts)
 A = Elapsed time spent in this place.
 B = Non-inter-level travel time spent in this place.
 C = Inter-level travel time spent in this place.
 D = Time resting spent in this place.
 E = Time spent auto-exploring this place.
 F = Levels seen in this place.
 G = Mean time per level.
                   A        B        C        D        E       F      G
               +--------+--------+--------+--------+--------+-----+--------+
         Total |   1084 |   1038 |     46 |     63 |    812 |   2 |  542.0 |
       Dungeon |   1084 |   1038 |     46 |     63 |    812 |   2 |  542.0 |
               +--------+--------+--------+--------+--------+-----+--------+

Top non-repeatable levels by time:
     D:1: 1047 daAuts
     D:2: 37 daAuts
